 Dungeon Crawl Stone Soup version 0.27.1-34-g3ba077fa99 (console) character file.

Game seed: 6442428749726236253

195902 toffzen the Warrior (level 18, -15/129 HPs)
             Began as a Gargoyle Fighter on Jan 17, 2022.
             Was the Champion of Okawaru.
             Killed from afar by Nikola (77 damage)
             ... with an arc of chain lightning
             ... on level 3 of the Swamp on Jan 19, 2022.
             The game lasted 01:48:08 (37148 turns).

toffzen the Warrior (Gargoyle Fighter)             Turns: 37148, Time: 01:48:08

Health: -15/129    AC: 35    Str: 28    XL:     18   Next: 35%
Magic:  40/40      EV: 10    Int: 21    God:    Okawaru [******]
Gold:   4566       SH: 38    Dex: 16    Spells: 17/17 levels left

rFire    + . .     SeeInvis .   c - +3 morningstar (drain)
rCold    . . .     Faith    .   V - +18 shield of the Gong {rElec rN+ Will+ EV-5}
rNeg     + + .     Spirit   .   u - +0 plate armour "Iseobamo" {Drain rElec Str+4 Int+3}
rPois    ∞         Reflect  +   J - +3 hat of Pondering {ponderous, Will+ MP+10 Int+5}
rElec    +         Harm     .   x - scarf {+Inv}
rCorr    .         Rampage  .   U - +0 pair of gloves {Dex+3}
Will     ++++.                  S - -2 pair of boots of Tenacity {Fly Regen+ Stlth-}
Stlth    ..........             D - amulet of reflection
HPRegen  1.31/turn              R - ring "Mehenaunt" {Wiz rPois Will+ Int+4 Stlth+}
MPRegen  0.27/turn              q - ring of protection from fire

@: heroic, flying, slow
A: sickness immunity, AC +13, big wings, negative energy resistance 1,
electricity resistance, torment resistance 1, petrification resistance
}: 1/15 runes: gossamer
a: Renounce Religion, Evoke Invisibility, Heroism, Finesse


You were on level 3 of the Swamp.
You worshipped Okawaru.
Okawaru was exalted by your worship.
You visited 6 branches of the dungeon, and saw 32 of its levels.
You also visited: Bailey.

You collected 5036 gold pieces.
You spent 470 gold pieces at shops.

Inventory:

Hand Weapons
 a - the +9 flail of Defiance {flame, rPois Int+8 SInv Stlth-}
   (Okawaru gifted it to you on level 6 of the Lair of Beasts)

   It burns those it strikes, dealing additional fire damage.
   Int:       It affects your intelligence (+8).
   rPois:     It protects you from poison.
   SInv:      It lets you see invisible.
   Stlth:     It makes you less stealthy.
 b - the +3 hunting sling of Okawaru's Wrath {freeze, rElec rN++ rCorr Dex-3}
   (Okawaru gifted it to you on level 1 of the Lair of Beasts)

   Any ammunition fired from it freezes those it strikes, dealing additional
   cold damage.
   It can also slow down cold-blooded creatures.
   Dex:       It affects your dexterity (-3).
   rElec:     It insulates you from electricity.
   rN:        It greatly protects you from negative energy.
   rCorr:     It protects you from acid and corrosion.
 c - a +3 morningstar of draining (weapon)
 z - a +3 demon whip of electrocution
 A - the +1 mace "Erunk" {venom, +Blink SInv}
   (You found it on level 6 of the Dungeon)

   It poisons the flesh of those it strikes.
   SInv:      It lets you see invisible.
   +Blink:    It lets you blink.
Missiles
 f - 139 poisoned darts (quivered)
 h - 626 stones
 o - 3 throwing nets
 p - 213 sling bullets
Armour
 k - a +2 kite shield of reflection
 u - the +0 plate armour "Iseobamo" (worn) {Drain rElec Str+4 Int+3}
   (Okawaru gifted it to you on level 1 of the Spider Nest)

   Str:       It affects your strength (+4).
   Int:       It affects your intelligence (+3).
   rElec:     It insulates you from electricity.
   Drain:     It drains your maximum health when unequipped.
 x - a scarf of invisibility (worn)
 y - a +2 hat
 J - the +3 hat of Pondering (worn) {ponderous, Will+ MP+10 Int+5}
   (You took it off Gastronok on level 3 of the Lair of Beasts)

   Int:       It affects your intelligence (+5).
   MP:        It affects your magic capacity (+10).
   Will:      It increases your willpower.
 P - a +1 kite shield
 S - the -2 pair of boots of Tenacity (worn) {Fly Regen+ Stlth-}
   (Okawaru gifted it to you on level 6 of the Lair of Beasts)

   Fly:       It grants you flight.
   Regen:     It increases your rate of health regeneration.
   Stlth:     It makes you less stealthy.
 U - a +0 pair of gloves of dexterity (worn)
 V - the +18 shield of the Gong (worn) {rElec rN+ Will+ EV-5}
   (You found it on level 12 of the Dungeon)

   It is deafeningly noisy when blocking attacks.
   EV:        It affects your evasion (-5).
   rElec:     It insulates you from electricity.
   rN:        It protects you from negative energy.
   Will:      It increases your willpower.
 X - the +1 chain mail of Inviolability {Str+4 Int+4}
   (You bought it in a shop on level 14 of the Dungeon)

   Str:       It affects your strength (+4).
   Int:       It affects your intelligence (+4).
Jewellery
 q - a ring of protection from fire (right hand)
 C - an amulet of the acrobat
 D - an amulet of reflection (around neck)
 I - a ring of protection from cold
 Q - a ring of protection from cold
 R - the ring "Mehenaunt" (left hand) {Wiz rPois Will+ Int+4 Stlth+}
   (You found it on level 6 of the Lair of Beasts)

   [ring of wizardry]

   It improves your spell success rate.
   Int:       It affects your intelligence (+4).
   rPois:     It protects you from poison.
   Will:      It increases your willpower.
   Stlth:     It makes you more stealthy.
 T - the ring of Doschamme {Drain rC+ Str+6}
   (You found it on level 6 of the Lair of Beasts)

   [ring of protection from cold]

   Str:       It affects your strength (+6).
   rC:        It protects you from cold.
   Drain:     It drains your maximum health when unequipped.
 W - a +4 ring of protection
Wands
 i - a wand of iceblast (75)
 r - a wand of flame (53)
 G - a wand of digging (9)
 O - a wand of acid (19)
Scrolls
 d - 3 scrolls of magic mapping
 e - a scroll of holy word
 j - a scroll of torment
 n - 5 scrolls of teleportation
 w - 3 scrolls of enchant armour
 B - 2 scrolls of fear
 E - a scroll of vulnerability
 L - 7 scrolls of identify
 Z - a scroll of enchant weapon
Potions
 g - 7 potions of mutation
 l - a potion of magic
 m - 3 potions of resistance
 s - a potion of heal wounds
 t - 15 potions of curing
 v - 2 potions of cancellation
 F - a potion of might
 H - 4 potions of haste
 K - a potion of brilliance
 N - 2 potions of lignification
Miscellaneous
 M - a box of beasts
 Y - a box of beasts


   Skills:
 * Level 19.8(24.8) Fighting
 + Level 13.0(18.0) Maces & Flails
 + Level 11.4(16.4) Armour
 + Level 8.9(13.9) Dodging
 + Level 11.5(16.5) Shields
 - Level 16.3 Invocations


You had 17 spell levels left.
You didn't know any spells.
Your spell library contained the following spells:

 Spells                   Type           Power      Damage    Failure   Level
 Corona                   Hex            0%         N/A       36%         1
 Shock                    Conj/Air       0%         1d3       36%         1
 Ensorcelled Hibernation  Hex/Ice        0%         N/A       50%         2
 Passwall                 Tmut/Erth      0%         N/A       50%         2
 Frozen Ramparts          Ice            0%         1d2       71%         3
 Ignite Poison            Fire/Tmut/Pois 0%         N/A       71%         3
 Mephitic Cloud           Conj/Pois/Air  0%         N/A       71%         3
 Summon Guardian Golem    Hex/Summ       0%         N/A       71%         3
 Swiftness                Air            0%         N/A       71%         3
 Tukima's Dance           Hex            0%         N/A       71%         3
 Airstrike                Air            0%         N/A       98%         4
 Cause Fear               Hex            0%         N/A       98%         4
 Fulminant Prism          Conj/Hex       0%         3d6       98%         4
 Ice Form                 Ice/Tmut       0%         N/A       98%         4
 Iskenderun's Mystic Bla  Conj/Tloc      0%         2d3       98%         4
 Summon Ice Beast         Ice/Summ       0%         N/A       98%         4
 Bolt of Magma            Conj/Fire/Erth 0%         4d4       100%        5
 Lee's Rapid Deconstruct  Erth           0%         3d5*      100%        5
 Invisibility             Hex            0%         N/A       100%        6
 Dragon Form              Tmut           0%         N/A       100%        7
 Orb of Destruction       Conj           0%         N/A       100%        7
 Spellforged Servitor     Conj/Summ      0%         N/A       100%        7
 Dragon's Call            Summ           0%         N/A       100%        9


Dungeon Overview and Level Annotations

Branches:
Dungeon (15/15)            Temple (1/1) D:4            Lair (6/6) D:11
  Swamp (4/4) Lair:4       Spider (4/4) Lair:4        Slime (0/5) Lair:5
    Orc (2/2) D:10            Elf (0/3) Orc:2        Vaults (0/5) D:13
 Depths (0/5) D:15         Bailey (visited)

Altars:
Ashenzari
Cheibriados
Dithmenos
Elyvilon
Fedhas
Gozag
Hepliaklqana
Kikubaaqudgha
Makhleb
Nemelex Xobeh
Okawaru
Qazlal
Ru
Sif Muna
Trog
Uskayaw
Vehumet
Wu Jian
Xom
Yredelemnul
Zin
The Shining One
Beogh
Jiyva

Shops:
D:1 (   D:4 =   D:7 *   D:14 [   Orc:2 *=(*=

Annotations:
D:10 exclusion: downstairs
D:14 exclusion: obsidian statue
Lair:2 3 runed translucent doors, Nicoed's ghost, journeyman DjCj
Lair:5 exclusion: oklob plant
Swamp:3 Nikola


Innate Abilities, Weirdness & Mutations

You are immune to sickness and miasma.
Your stone body is resilient. (AC +13)
You are immune to poison.
Your large and strong wings let you fly.
You resist negative energy. (rN+)
You are resistant to electric shocks. (rElec)
You are resistant to unholy torment.
You are immune to petrification.


Message History

Nikola gestures wildly while chanting.
Lightning arcs from Nikola's hands!
The bolt of lightning hits you!!! You resist.
* * * LOW HITPOINT WARNING * * *
A bolt of lightning appears from out of thin air!
The bolt of lightning hits Nikola!
Okay, then.
You feel much better. You block Nikola's attack.
SHROANNG!
Your +3 demon whip of electrocution stops crackling.
You sense an unholy aura.
c - a +3 morningstar of draining (weapon)
Nikola hits you but does no damage.
You bludgeon Nikola!! You drain Nikola.
Nikola is heavily wounded.
You impale Nikola!!
Nikola is severely wounded.
You block Nikola's attack.
BOUMMMMG!
You completely miss Nikola.
Nikola is severely wounded.
You block Nikola's attack.
PANG!
You hit Nikola.
Nikola is severely wounded.
You barely miss Nikola.
Nikola is severely wounded.
Nikola misses you.
You closely miss Nikola.
Nikola is severely wounded.
You block Nikola's attack.
PANG!
You closely miss Nikola.
Nikola is severely wounded.
Nikola asks, "Are you insulated?"
Nikola mumbles some strange words.
Lightning arcs from Nikola's hands!
The bolt of lightning hits you!!!! You resist.
Ouch! That really hurt!
You die...

.÷##......≈.♣♣...≈≈.≈♣
###......≈...♣♣≈..♣♣♣♣
.....≈.......♣♣♣♣♣♣
.......≈≈≈.≈♣♣♣§♣♣♣♣
≈≈≈≈...≈≈≈.♣♣...≈.≈♣♣♣♣♣
§≈≈≈..≈.♣♣♣♣..≈≈≈≈.≈♣≈≈♣♣
≈≈≈≈.≈≈♣♣ ♣.≈≈≈≈≈≈..≈≈.≈♣♣
≈≈≈≈...♣♣♣♣.≈...≈.≈..≈≈.≈♣
§....≈≈≈♣♣....†.@@≈♣♣♣♣♣≈♣♣
≈≈♣♣≈≈≈.♣.≈≈.†>.≈.♣♣♣♣≈♣..♣♣
.♣♣♣≈.....≈≈≈≈.≈≈.≈.♣≈.≈≈≈≈♣
.≈♣♣.....≈≈≈≈≈≈≈≈≈...≈♣.≈§.♣
≈≈♣♣♣≈≈..≈≈≈≈≈≈≈≈≈...♣♣..≈♣♣
♣♣♣ ♣≈≈.♣.≈≈≈≈≈≈≈≈.≈≈.♣♣♣♣♣
♣ ♣≈≈<♣..≈≈≈≈≈≈≈.≈≈.♣ ♣
♣♣..≈...≈≈≈≈≈.≈.≈≈♣ ♣
♣♣≈≈≈.......≈...♣♣


You could see Nikola (drained).

Vanquished Creatures
  Jorgrun (Lair:4)
  A thorn hunter (Swamp:1)
  Gastronok (Lair:3)
  Kirke (Lair:4)
  A fire giant (D:15)
  Donald (Spider:4)
  5 ghost moths
  3 emperor scorpions
  3 ghouls
  Nessos (D:13)
  A dire elephant (Lair:6)
  3 spark wasps (Spider:4)
  A bunyip (Lair:4)
  An eleionoma (Swamp:1)
  4 entropy weavers
  Snorg (D:13)
  4 vault guards (D:13)
  Harold (D:8)
  11 hydras
  3 ghost crabs
  2 boulder beetles
  Erolcha (D:13)
  4 alligators
  9 centaur warriors
  A death knight (D:13)
  A tengu warrior (D:13)
  2 catoblepae
  4 two-headed ogres
  15 death yaks
  Sonja (D:13)
  7 skeletal warriors
  3 goliath frogs
  2 swamp dragons
  A spriggan druid (Swamp:3)
  4 bog bodies (Lair:4)
  A death drake (Swamp:1)
  A wizard (D:15)
  3 orc knights
  30 wolf spiders
  20 orb spiders
  4 deep elf pyromancers
  9 orc sorcerers
  6 cyclopes
  A will-o-the-wisp (Swamp:3)
  5 manticores
  4 moths of wrath
  4 black mambas
  Maurice (D:10)
  13 elephants
  3 gargoyles (D:13)
  A torpor snail (Lair:6)
  Maggie (D:8)
  7 komodo dragons
  An unseen horror (D:12)
  19 cane toads
  20 demonic crawlers
  A tengu conjurer (D:13)
  41 jumping spiders
  3 trolls
  3 polar bears
  4 tyrant leeches
  6 slime creatures
  2 dream sheep (Lair:6)
  11 hornets
  15 blink frogs
  A spriggan (shapeshifter) (D:15)
  7 wyverns
  7 spriggans
  40 tarantellas
  3 wraiths
  57 redbacks
  A vampire (D:6)
  A golden eye (shapeshifter) (D:14)
  33 yaks
  3 hogs (Lair:4)
  A steam dragon (D:6)
  4 vampire mosquitoes
  18 swamp worms
  10 wargs
  A swamp drake (Swamp:2)
  19 water moccasins
  A sky beast (D:7)
  2 black bears
  2 ice beasts
  13 orc warriors
  8 ogres
  5 necrophages
  17 wolves
  3 boggarts (D:15)
  9 centaurs
  2 phantoms
  15 bullfrogs
  10 kobold brigands
  A scorpion (D:3)
  A gnoll sergeant (D:13)
  2 water moccasin zombies (D:5)
  A water moccasin skeleton (D:4)
  12 killer bees
  13 howler monkeys
  3 wights (D:8)
  A crimson imp (D:14)
  5 centaur zombies
  4 hounds
  2 centaur skeletons
  3 jellies
  A gnoll shaman (D:6)
  11 orc priests
  2 bullfrog skeletons (D:6)
  2 hell rats (D:11)
  2 iguanas
  30 orc wizards
  14 gnolls
  2 adders
  2 shadow imps (D:14)
  2 white imps
  An ufetubus (D:14)
  4 worms (D:2)
  2 dart slugs
  50 orcs
  7 ball pythons
  9 bats
  7 endoplasms
  A giant cockroach (D:3)
  14 goblins
  10 hobgoblins
  A jackal (D:2)
  36 kobolds
  2 quokkas
  3 frilled lizards (D:2)
  6 rats
907 creatures vanquished.

Vanquished Creatures (collateral kills)
  A catoblepas (Lair:6)
  A black mamba (Lair:6)
2 creatures vanquished.

Vanquished Creatures (others)
  A spriggan druid (Swamp:2)
  A wolf spider (Spider:1)
  4 bloated husks (Swamp:2)
  A tyrant leech (Swamp:2)
  A redback (Spider:3)
  A tarantella (Spider:2)
  2 spriggans (Swamp:2)
  A swamp drake (Swamp:3)
  4 orc wizards
  An orc (Orc:2)
  A briar patch (Swamp:2)
  2 bushes
  15 foxfires (Swamp:3)
  22 fungi
  35 plants
92 creatures vanquished.

Grand Total: 1001 creatures vanquished

Notes
Turn   | Place    | Note
-------+----------+-------------------------------------------
     0 | D:1      | toffzen the Gargoyle Fighter began the quest for the Orb.
     0 | D:1      | Reached XP level 1. HP: 14/14 MP: 1/1
    40 | D:1      | Reached XP level 2. HP: 19/19 MP: 2/2
   185 | D:1      | Found Zamiyhu's Antique Weapon Shoppe.
   860 | D:2      | Reached XP level 3. HP: 16/23 MP: 3/3
  1591 | D:2      | Found a faded altar of an unknown god.
  1754 | D:2      | Reached XP level 4. HP: 21/29 MP: 4/4
  2683 | D:3      | Noticed a scorpion
  2702 | D:3      | Killed a scorpion
  2703 | D:3      | Reached skill level 4 in Fighting
  2703 | D:3      | Reached XP level 5. HP: 30/33 MP: 5/5
  3183 | D:4      | Reached XP level 6. HP: 38/39 MP: 6/6
  3213 | D:5      | Entered Level 5 of the Dungeon
  3595 | D:4      | Found a staircase to the Ecumenical Temple.
  3606 | Temple   | Entered the Ecumenical Temple
  3851 | Temple   | Became a worshipper of Warmaster Okawaru
  3894 | Temple   | Reached XP level 7. HP: 44/44 MP: 7/7
  4036 | D:4      | Reached skill level 5 in Maces & Flails
  4094 | D:4      | Found Iliah's Jewellery Emporium.
  4377 | D:5      | Reached skill level 5 in Fighting
  4377 | D:5      | Reached skill level 1 in Invocations
  4542 | D:5      | Reached skill level 5 in Armour
  4542 | D:5      | Reached skill level 5 in Shields
  4655 | D:5      | Reached * piety under Okawaru
  4740 | D:5      | Reached XP level 8. HP: 41/49 MP: 9/9
  5499 | D:6      | Identified the +1 mace "Erunk" {venom, +Blink SInv}
  5511 | D:6      | Identified a scroll of acquirement
  5511 | D:6      | Acquired 808 gold pieces
  5614 | D:6      | Reached skill level 6 in Fighting
  5822 | D:6      | Noticed a vampire
  5834 | D:6      | Killed a vampire
  5834 | D:6      | Reached ** piety under Okawaru
  5835 | D:6      | Reached XP level 9. HP: 41/55 MP: 8/11
  6465 | D:7      | Found Gisir's Lightly-Used Armoury.
  7191 | D:8      | Noticed Maggie
  7203 | D:8      | Killed Maggie
  7203 | D:8      | Reached *** piety under Okawaru
  7282 | D:8      | Reached skill level 7 in Fighting
  7403 | D:8      | Noticed Harold
  7442 | D:8      | Killed Harold
  7443 | D:8      | Reached skill level 5 in Invocations
  7443 | D:8      | Reached XP level 10. HP: 36/63 MP: 12/14
  7786 | D:8      | Reached **** piety under Okawaru
  8605 | D:8      | Reached skill level 8 in Fighting
  8806 | D:8      | Reached skill level 10 in Maces & Flails
  8995 | D:9      | Found a basalt altar of Yredelemnul.
  9139 | D:10     | Entered Level 10 of the Dungeon
  9671 | D:10     | Reached skill level 1 in Dodging
  9766 | D:10     | Noticed Maurice
 10066 | D:10     | Killed Maurice
 10066 | D:10     | Reached ***** piety under Okawaru
 10067 | D:10     | Reached XP level 11. HP: 69/69 MP: 16/16
 10122 | D:10     | Reached skill level 9 in Fighting
 10159 | D:10     | Found a staircase to the Orcish Mines.
 10951 | D:11     | Noticed a death yak
 10980 | D:12     | Killed a death yak
 11189 | D:11     | Noticed a two-headed ogre
 11314 | D:11     | Noticed a death yak
 11444 | D:11     | Found a staircase to the Lair.
 11481 | D:11     | Noticed a death yak
 11501 | D:11     | Killed a death yak
 11519 | D:11     | Killed a death yak
 11544 | D:11     | Killed a two-headed ogre
 11545 | D:11     | Reached skill level 10 in Fighting
 11799 | Lair:1   | Entered Level 1 of the Lair of Beasts
 12031 | Lair:1   | Noticed a seven-headed hydra
 12044 | Lair:1   | Killed a seven-headed hydra
 12398 | Lair:1   | Identified the +3 hunting sling of Okawaru's Wrath {freeze,
                  | rElec rN++ rCorr Dex-3} (Okawaru gifted it to you on level
                  | 1 of the Lair of Beasts)
 12398 | Lair:1   | Received a gift from Okawaru
 12612 | Lair:1   | Reached XP level 12. HP: 79/79 MP: 19/19
 12632 | Lair:1   | Reached skill level 5 in Dodging
 13156 | Lair:2   | Found a runed translucent gate.
 13156 | Lair:2   | Found a runed translucent gate.
 13157 | Lair:2   | Found a runed translucent gate.
 13370 | Lair:2   | Reached skill level 11 in Fighting
 13475 | Lair:2   | Reached skill level 10 in Invocations
 14260 | Lair:2   | Noticed Nicoed's ghost (journeyman DjCj)
 14283 | Lair:3   | Noticed Gastronok
 14313 | Lair:3   | Killed Gastronok
 14336 | Lair:2   | Noticed a catoblepas
 14354 | Lair:2   | Killed a catoblepas
 14465 | Lair:3   | Noticed a four-headed hydra
 14474 | Lair:3   | Killed a four-headed hydra
 14474 | Lair:3   | Reached ****** piety under Okawaru
 14475 | Lair:3   | Reached skill level 12 in Fighting
 15072 | Lair:3   | Identified the +1 buckler "Inozucuchy" {SInv} (Okawaru
                  | gifted it to you on level 3 of the Lair of Beasts)
 15072 | Lair:3   | Received a gift from Okawaru
 15584 | Lair:3   | Noticed a death yak
 15585 | Lair:3   | Noticed a death yak
 15585 | Lair:3   | Noticed a death yak
 15585 | Lair:3   | Noticed a death yak
 15585 | Lair:3   | Noticed a death yak
 15585 | Lair:3   | Noticed a death yak
 15604 | Lair:3   | Killed a death yak
 15605 | Lair:3   | Reached XP level 13. HP: 69/87 MP: 22/22
 15620 | Lair:3   | Reached skill level 13 in Fighting
 17464 | Lair:4   | Found a hole to the Spider Nest.
 17825 | Lair:4   | Found a staircase to the Swamp.
 17843 | Lair:4   | Received a gift from Okawaru
 18321 | Lair:5   | Found the +3 giant club "Skullcrusher" {speed, Str+7}
 18330 | Lair:5   | Found a viscous altar of Jiyva.
 18330 | Lair:5   | Found a staircase to the Slime Pits.
 19560 | Lair:6   | Entered Level 6 of the Lair of Beasts
 19595 | Lair:6   | Identified the +9 flail of Defiance {flame, rPois Int+8
                  | SInv Stlth-} (Okawaru gifted it to you on level 6 of the
                  | Lair of Beasts)
 19595 | Lair:6   | Received a gift from Okawaru
 19764 | Lair:6   | Reached skill level 14 in Fighting
 19879 | Lair:6   | Gained mutation: Your large and strong wings let you fly.
                  | [Gargoyle growth]
 19879 | Lair:6   | Reached XP level 14. HP: 96/96 MP: 23/23
 20962 | Lair:6   | Identified the ring "Mehenaunt" {Wiz rPois Will+ Int+4
                  | Stlth+}
 20993 | Lair:6   | Identified the -2 pair of boots of Tenacity {Fly Regen+
                  | Stlth-} (Okawaru gifted it to you on level 6 of the Lair of
                  | Beasts)
 20993 | Lair:6   | Received a gift from Okawaru
 21134 | Lair:6   | Reached skill level 15 in Fighting
 21399 | Lair:6   | Noticed a dire elephant
 21427 | Lair:6   | Killed a dire elephant
 21617 | Lair:6   | Identified the ring of Doschamme {Drain rC+ Str+6}
 22111 | D:12     | Acquired 807 gold pieces
 22120 | D:12     | Found the +18 shield of the Gong {rElec rN+ Will+ EV-5}
 22181 | D:12     | Reached skill level 16 in Fighting
 22240 | D:12     | Received a gift from Okawaru
 22318 | D:12     | Found a shimmering blue altar of Sif Muna.
 22338 | D:12     | Got Sif Muna's Tome of Weightlessness
 23425 | D:13     | Noticed Nessos
 23452 | D:13     | Killed Nessos
 23532 | D:13     | Noticed Erolcha
 23545 | D:13     | Killed Erolcha
 23864 | D:13     | Noticed Snorg
 23872 | D:13     | Reached XP level 15. HP: 105/105 MP: 25/25
 23897 | D:13     | Killed Snorg
 23998 | D:13     | Noticed Sonja
 24000 | D:13     | Killed Sonja
 24004 | D:13     | Reached skill level 17 in Fighting
 24292 | D:13     | Found a gate to the Vaults.
 24319 | D:13     | Reached skill level 15 in Invocations
 25169 | D:14     | Received a gift from Okawaru
 25420 | D:14     | Found Nysm's Antique Armour Shoppe.
 25428 | D:14     | Bought an ancient chain mail for 275 gold pieces
 25428 | D:14     | Identified the +1 chain mail of Inviolability {Str+4 Int+4}
                  | (You bought it in a shop on level 14 of the Dungeon)
 25454 | D:14     | Found a flagged portal.
 25463 | Bailey   | Entered a bailey
 25652 | Bailey   | Identified the +0 chain mail of the Eight Planets {Dex+4
                  | Stlth+}
 25867 | D:14     | You are sucked into a shaft and drop 1 floor!
 25867 | D:15     | Entered Level 15 of the Dungeon
 26296 | D:15     | Found a staircase to the Depths.
 26479 | D:15     | Noticed a fire giant
 26494 | D:15     | Killed a fire giant
 27054 | Orc:1    | Entered Level 1 of the Orcish Mines
 27253 | Orc:2    | Entered Level 2 of the Orcish Mines
 27704 | Orc:2    | Reached XP level 16. HP: 114/114 MP: 27/27
 28027 | Orc:2    | Received a gift from Okawaru
 28271 | Orc:2    | Found Byuxir's Bounteous Boutique.
 28329 | Orc:2    | Found a staircase to the Elven Halls.
 28385 | Orc:2    | Found Heuhias's Antique Weapon Boutique.
 28385 | Orc:2    | Found Riddigu's Jewellery Shoppe.
 28430 | Orc:2    | Found Saorush's Jewellery Boutique.
 28430 | Orc:2    | Found Decod's Assorted Antiques.
 28445 | Orc:2    | Bought a scroll of blinking for 195 gold pieces
 28700 | Spider:1 | Entered Level 1 of the Spider Nest
 28732 | Spider:1 | Noticed Jorgrun
 28759 | Lair:4   | Reached skill level 18 in Fighting
 28787 | Spider:1 | Noticed Kirke
 28827 | Lair:4   | Killed Kirke
 28841 | Lair:4   | Killed Jorgrun
 29824 | Spider:1 | Identified the +0 plate armour "Iseobamo" {Drain rElec
                  | Str+4 Int+3} (Okawaru gifted it to you on level 1 of the
                  | Spider Nest)
 29824 | Spider:1 | Received a gift from Okawaru
 30097 | Spider:1 | Identified the +5 hand crossbow of Defiance {flame, rCorr
                  | Int+3}
 30865 | Spider:2 | Reached skill level 10 in Shields
 30913 | Spider:1 | Reached skill level 10 in Armour
 31934 | Spider:3 | Reached XP level 17. HP: 120/120 MP: 28/28
 32170 | Spider:2 | Received a gift from Okawaru
 32734 | Spider:3 | Received a gift from Okawaru
 33266 | Spider:3 | Reached skill level 19 in Fighting
 33521 | Spider:4 | Entered Level 4 of the Spider Nest
 34545 | Spider:4 | Noticed Donald
 34592 | Spider:4 | Killed Donald
 34712 | Spider:4 | Got a gossamer rune of Zot
 34920 | Swamp:1  | Entered Level 1 of the Swamp
 34994 | Lair:4   | Received a gift from Okawaru
 35072 | Lair:4   | Reached XP level 18. HP: 92/128 MP: 30/30
 36576 | Swamp:3  | Received a gift from Okawaru
 37125 | Swamp:4  | Entered Level 4 of the Swamp
 37125 | Swamp:4  | Noticed Nikola
 37148 | Swamp:3  | Killed from afar by Nikola

Illustrated notes

Levels and vault maps discovered:
D:1:      wheals_arrival_shading, layout_basic, serial_shops, shop
D:2:      kb_forest_paths, layout_basic, shapermc_ecumenical_altar_hornbeckon,
          due_unseen_surprise
D:3:      layout_basic
D:4:      layout_rooms, minmay_temple_entry_grid, serial_shops,
          nicolae_diamond_shop
D:5:      layout_loops_ring
D:6:      layout_rooms, grunt_ministairs_2
D:7:      layout_basic, minmay_shop_damaged
D:8:      layout_gridville, nicolae_two_hexagons, hex_large,
          minmay_increasing_density, uniq_harold, uniq_maggie
D:9:      layout_rooms, lemuel_doored_altar
D:10:     layout_long_grid, david_orc_3, the_hattery, uniq_maurice
D:11:     layout_roguey, dpeg_lair_monsters
D:12:     layout_layer_cave, led_sif_book
D:13:     layout_loops_corners, grunt_vaults_entry_fortified, uniq_sonja,
          uniq_nessos, uniq_snorg, uniq_erolcha
D:14:     kennysheep_kobold_grotto, layout_gridville,
          minmay_misc_feat_secret_circle, serial_shops, shop, enter_bailey_5
D:15:     grunt_enter_depths_giant_problem, layout_loops_ring
Temple:   kilobyte_greek_temple
Lair:1:   layout_misc_corridors, gauntlet_entry_generic
Lair:2:   layout_roguey, gammafunk_ghost_necromancy
Lair:3:   layout_roguey, beast_lair_carwin_8, uniq_gastronok
Lair:4:   layout_small_grid, skrybe_swamp_entry_bodies, spider_nest_entry_webs
Lair:5:   layout_roguey, dpeg_slime_entry_enclosed_altar,
          minmay_lair_oklob_bushes
Lair:6:   hangedman_lair_in_review, layout_regular_city, worms_lemuel
Swamp:1:  layout_falls_marsh, evilmike_swamp_ruin_house_1
Swamp:2:  nicolae_swamp_husk_halls, layout_falls_marsh, hangedman_swamp_lotus
Swamp:3:  layout_basic_swamp, evilmike_swamp_ruin_house_3, swamp_pool4,
          infiniplex_staircase_pool
Swamp:4:  swamp_alternative, layout_basic_swamp, ebering_ghost_rock_garden,
          nicolae_swamp_snake_nest, uniq_nikola
Spider:1: nicolae_spider_mines_2, uniq_jorgrun, uniq_kirke
Spider:2: layout_chambers
Spider:3: nicolae_spider_hilbert_zone_5 [nicolae_spider_hilbert_3_sides_1_open,
          nicolae_spider_hilbert_4_sides_1_open,
          nicolae_spider_hilbert_4_sides_1_open,
          nicolae_spider_hilbert_6_sides_1_open,
          nicolae_spider_hilbert_6_sides_1_open],
          nicolae_spider_twisty_arc_passages
Spider:4: grunt_spider_rune_parallel, nicolae_spider_claw_tunnel, uniq_donald
Orc:1:    layout_caves
Orc:2:    st_orc_town, layout_diamond_mine, nicolae_alphabet_shops

Skill      XL: |  1  2  3  4  5  6  7  8  9 10 11 12 13 14 15 16 17 18 |
---------------+-------------------------------------------------------+-----
Maces & Flails | 3 4 5 7 9 10 11 12 13 | 13.0
Fighting       | 4 5 6 7 8 10 12 14 16 17 18 19 | 19.8
Armour         | 4 5 6 7 8 10 11 | 11.4
Shields        | 4 5 6 7 8 10 11 | 11.5
Invocations    | 2 3 5 7 9 12 13 14 15 16 | 16.3
Dodging        | 1 4 5 6 7 8 |  8.9

Action                   |  1- 3 |  4- 6 |  7- 9 | 10-12 | 13-15 | 16-18 || total
-------------------------+-------+-------+-------+-------+-------+-------++-------
Melee: Flail             |   102 |    93 |    30 |       |   328 |    77 ||   630
       Morningstar       |       |       |   244 |   747 |  1173 |  1573 ||  3737
       Demon whip        |       |       |       |       |       |    70 ||    70
 Fire: Hunting sling     |    16 |    34 |    78 |   121 |    31 |       ||   280
Throw: Dart              |       |     1 |       |       |       |       ||     1
Invok: Heroism           |       |       |     6 |    13 |    19 |    15 ||    53
       Finesse           |       |       |       |       |     4 |     3 ||     7
Evoke: Wand              |       |       |     3 |     5 |    10 |       ||    18
  Use: Potion            |     1 |       |       |       |     1 |    11 ||    13
       Scroll            |       |     3 |     9 |     9 |    14 |     6 ||    41
 Stab: Paralysed         |       |       |     5 |     6 |       |       ||    11
       Petrified         |       |       |       |       |     6 |       ||     6
       Held in net/web   |       |       |       |       |       |     2 ||     2
Armor: Scale mail        |    80 |    61 |    37 |       |       |       ||   178
       Plate armour      |       |       |   165 |   440 |   776 |  1344 ||  2725
Dodge: Dodged            |    55 |    26 |    52 |   212 |   408 |   359 ||  1112
Block: Kite shield       |    86 |    52 |   152 |   514 |  1370 |  3437 ||  5611
       Reflection        |       |       |       |       |       |    21 ||    21
